 Dungeon Crawl Stone Soup version 0.31-a0-214-gb37851dbb3 (webtiles) character file.

Game seed: 16196812048272474168

21 innerfire43 the Trooper (level 2, -2/24 HPs)
             Began as a Demonspawn Monk on July 1, 2023.
             Slain by a gnoll
             ... wielding a +0 club
              (8 damage)
             ... on level 2 of the Dungeon.
             The game lasted 00:00:46 (1005 turns).

innerfire43 the Trooper (Demonspawn Monk)           Turns: 1005, Time: 00:00:47

Health: -2/24      AC:  2    Str: 11    XL:     2   Next: 65%
Magic:  2/2        EV: 13    Int: 11    God:
Gold:   57         SH:  0    Dex: 15    Spells: 1/1 levels left

rFire   . . .        a - +0 hand axe
rCold   . . .        d - orb {light}
rNeg    . . .        b - +0 robe
rPois   .            (no helmet)
rElec   .            (no cloak)
rCorr   .            (no gloves)
SInv    .            (no boots)
Will    .....        (no amulet)
Stlth   +            (no ring)
HPRegen 0.24/turn    (no ring)
MPRegen 0.16/turn

%: no passive effects
@: glowing
A: magic regeneration
a: no special abilities


You were on level 2 of the Dungeon.
You visited 1 branch of the dungeon, and saw 2 of its levels.

You collected 57 gold pieces.

Inventory:

Hand Weapons
 a - a +0 hand axe (weapon)
Armour
 b - a +0 robe (worn)
 d - an orb of light (worn)
Jewellery
 i - a ring of fire
Scrolls
 e - a scroll of silence {unknown}
 f - a scroll of teleportation {unknown}
 g - a scroll of enchant weapon {unknown}
Potions
 c - a potion of ambrosia
 h - a potion of haste {unknown}


   Skills:
 + Level 3.3 Fighting
 + Level 3.0 Axes
 + Level 3.0 Dodging


You had one spell level left.
You didn't know any spells.
Your spell library contained the following spells:

 Spells                   Type           Power      Damage    Failure   Level
 Ozocubu's Armour         Ice            0%         N/A       71%         3
 Ozocubu's Refrigeration  Ice            0%         4d7       100%        7


Dungeon Overview and Level Annotations

Branches:
Dungeon (2/15)

Altars:


Innate Abilities, Weirdness & Mutations

You regenerate magic rapidly.


Message History

A giant cockroach comes into view.
A giant cockroach is nearby!
You slash the giant cockroach!
You kill the giant cockroach!
You now have 57 gold pieces (gained 14).
An endoplasm comes into view.
The endoplasm quivers.
An endoplasm is nearby!
The endoplasm closely misses you.
An endoplasm is nearby!
You hit the endoplasm.
The endoplasm is moderately wounded.
The endoplasm closely misses you.
An endoplasm is nearby!
You hit the endoplasm but do no damage.
The endoplasm is moderately wounded.
The endoplasm hits you.
You hit the endoplasm.
You kill the endoplasm!
HP restored. 3 gnolls come into view.
The gnoll shouts! x3
A ball python comes into view.
The gnoll hits you with a +0 club.
The gnoll hits you from afar with a +0 halberd.
There are monsters nearby!
You hit the gnoll but do no damage. You hit the plant.
The plant begins to die.
The gnoll hits you with a +0 club. The gnoll barely misses you.
There are monsters nearby!
You are too injured to fight recklessly!
There are monsters nearby!
You hit the gnoll.
The gnoll is moderately wounded.
You hit the plant. The gnoll hits you with a +0 club.
* * * LOW HITPOINT WARNING * * *
The gnoll hits you but does no damage. The gnoll barely misses you.
You hit the gnoll.
The gnoll is almost dead.
You hit the plant. The gnoll hits you with a +0 club!
You die...

#...# ##..#
#### ##.###...
#...♣~.~♣
###.#♣♣~~~♣
#...# ♣~SP
#.##♣ ♣gg♣♣
#.♣♣♣♣♣Pg~♣♣♣
#.P.PP♣@.~PP♣♣
#...~...~~..~~.
##~~.♣♣...♣♣♣♣♣
#♣♣♣♣♣♣.~♣ ~~♣
.♣♣ ~P .P


You could see 3 gnolls and a ball python.

Vanquished Creatures
  2 ball pythons (D:1)
  2 endoplasms
  2 giant cockroaches
  3 hobgoblins (D:1)
  A kobold (D:1)
  2 quokkas (D:1)
  2 frilled lizards (D:1)
  3 goblins (D:1)
  A rat (D:1)
18 creatures vanquished.

Notes
Turn   | Place    | Note
-------+----------+-------------------------------------------
     0 | D:1      | innerfire43 the Demonspawn Monk began the quest for the
                  | Orb.
     0 | D:1      | Reached XP level 1. HP: 18/18 MP: 1/1
   197 | D:1      | Gained mutation: You regenerate magic rapidly. [demonic
                  | ancestry]
   197 | D:1      | Reached XP level 2. HP: 23/24 MP: 2/2
   450 | D:1      | Found a faded altar of an unknown god.
  1005 | D:2      | Slain by a gnoll

Illustrated notes

Levels and vault maps discovered:
D:1:      psy_arrival_wood_between_worlds, layout_basic,
          shapermc_ecumenical_altar_acropolis
D:2:      layout_rooms, serial_aquarium, aquarium_bridge_straight
          [aquarium_subvault_bridge, aquarium_subvault_window,
          aquarium_subvault_bridge, aquarium_subvault_wall], aquarium_window_2,
          aquarium_window_2, aquarium_window_fake, aquarium_view_2e,
          aquarium_pool_2, serial_bayou_crossing

Skill      XL: |  1  2 |
---------------+-------+-----
Dodging        | 3 |  3.0
Axes           | 3 |  3.0
Fighting       | |  3.3

Action                     || total
---------------------------++-------
  Melee: Hand axe          ||    43
 Armour: Robe              ||     5
  Dodge: Dodged            ||    25

Table legend: (Time is in decaauts)
 A = Elapsed time spent in this place.
 B = Non-inter-level travel time spent in this place.
 C = Inter-level travel time spent in this place.
 D = Time resting spent in this place.
 E = Time spent auto-exploring this place.
 F = Levels seen in this place.
 G = Mean time per level.
                   A        B        C        D        E       F      G
               +--------+--------+--------+--------+--------+-----+--------+
         Total |   1011 |   1011 |      0 |      0 |    881 |   2 |  505.5 |
       Dungeon |   1011 |   1011 |      0 |      0 |    881 |   2 |  505.5 |
               +--------+--------+--------+--------+--------+-----+--------+

Top non-repeatable levels by time:
     D:1: 902 daAuts
     D:2: 108 daAuts
